 Dungeon Sprint DCSS version 0.29.1-13-g9f3cf754e1 (webtiles) character file.

Game seed: 1970033845977024618

5000000 Groucho the Intangible (level 24, -45/208 HPs)
             Began as a Djinni Gladiator on Feb 6, 2023.
             Was the Champion of Makhleb.
             Annihilated by The Servant
             ... wielding a +9 glaive of flaming
              (127 damage)
             ... in the Dungeon (Sprint VIII: "Arena of Blood").
             The game lasted 00:03:08 (50 turns).

Groucho the Intangible (Djinni Gladiator)             Turns: 50, Time: 00:03:08

Health: -45/208    AC:  8    Str: 13    XL:     24   Next: 18%
Gold:   0          EV: 36    Int: 13    God:    Makhleb [******] SH:  0 Dex: 24

rFire   + + .      SeeInvis .   k - +∞ Axe of Woe
rCold   x . .      Faith    .   (shield currently unavailable)
rNeg    . . .      Spirit   .   b - +0 leather armour
rPois   ∞          Reflect  .   c - +0 helmet
rElec   .          Harm     .   (no cloak)
rCorr   .          Rampage  .   (no gloves)
Will    ++...      NoTele   +   (boots unavailable)
Stlth   ++........              (no amulet)
HPRegen 0.44/turn               (no ring)
MPRegen 0.00/turn               (no ring)

@: flying
A: sickness immunity, fire resistance 2, cold vulnerability 1, float, innate
caster, HP casting, extra vitality 1
a: Renounce Religion, Minor Destruction, Lesser Servant of Makhleb, Major
Destruction, Greater Servant of Makhleb


You were in the Dungeon.
You worshipped Makhleb.
Makhleb was exalted by your worship.
You visited 1 branch

Inventory:

Hand Weapons
 a - a +0 war axe
 k - the +∞ Axe of Woe (weapon)
   (You found it in the Dungeon)
Missiles
 d - 3 throwing nets (quivered)
 e - a javelin
Armour
 b - a +0 leather armour (worn)
 c - a +0 helmet (worn)
Scrolls
 j - a scroll of blinking
Potions
 f - a potion of curing
 g - a potion of heal wounds
 h - a potion of haste
 i - a potion of berserk rage


   Skills:
 O Level 27 Fighting
 + Level 22.9 Short Blades
 O Level 27 Axes
 + Level 21.2(26.7) Maces & Flails
 + Level 21.2(26.7) Polearms
 + Level 22.4 Throwing
 O Level 27 Armour
 O Level 27 Dodging
 O Level 27 Spellcasting
 O Level 27 Invocations
 + Level 24.7 Evocations


You had 26 spell levels left.
You knew the following spells:

 Your Spells              Type           Power      Damage    Failure   Level
a - Sandblast             Erth           100%       2d20      0%          1
b - Call Imp              Summ           73%        N/A       0%          2
c - Lesser Beckoning      Tloc           73%        N/A       0%          3
d - Mephitic Cloud        Conj/Pois/Air  73%        N/A       0%          3
e - Summon Lightning Spi  Summ/Air       73%        N/A       0%          4
f - Alistair's Intoxicat  Tmut/Pois      48%        N/A       0%          5
g - Simulacrum            Ice/Necr       36%        N/A       0%          6
h - Eringya's Noxious Bo  Tmut/Pois      36%        N/A       0%          6
i - Summon Cactus Giant   Summ           36%        N/A       0%          6
j - Dragon Form           Tmut           36%        N/A       1%          7
k - Ignition              Fire           36%        3d11      1%          8
Your spell library was empty.

Dungeon Overview and Level Annotations

Branches:
Dungeon (1/1)

Altars:
Makhleb

Annotations:
D The Servant


Innate Abilities, Weirdness & Mutations

You are immune to sickness and miasma.
You are immune to poison.
Your flesh is very heat resistant. (rF++)
You are vulnerable to cold. (rC-)
You float through the air rather than walking.
You learn spells naturally, not from books.
Your magical power is your life essence.
You have superior vitality. (+4 MHP)


Message History

You chop the meat berserker into pieces.
You kill the meat berserker!
Makhleb accepts your kill.
The tyrant appears out of thin air!
A tyrant comes into view.
You are engulfed in blazing flames.
You resist.
The tyrant shouts!
You hear a shout! x3
A bag of meat comes into view. It is wielding a +9 war axe.
You hear a shout!
A destroyer comes into view. It is wielding a +9 vorpal great sword.
You hear a shout! x2
Your Short Blades skill increases to level 22!
Your base Maces & Flails skill increases to level 21!
Your base Polearms skill increases to level 21!
Your Throwing skill increases to level 22!
Your Evocations skill increases to level 24!
You have reached level 24!
You feel agile.
Unknown command.
Unknown command.
You are engulfed in blazing flames.
You resist.
You hear a shout! x3
A bag of meat comes into view. It is wielding a +9 war axe.
The destroyer casts a spell at you.
The destroyer blinks!
Unknown command.
Unknown command.
You are engulfed in blazing flames.
You resist.
You hear a shout! x5
A bag of meat comes into view. It is wielding a +9 war axe.
You hear a shout! x2
The accursed gestures at you while chanting.
Something smites you!
The eight-headed meat hydra calls on the powers of darkness!
The eight-headed meat hydra convulses!
The bag of meat convulses! x3
The meat berserker convulses!
The bag of meat convulses!
Your body is wracked with pain!
The Servant convulses!
The Servant hits you with a +9 glaive of flaming!!!!
Ouch! That really hurt!
You die...

... ..... #..
...# . #L. ...#
. ..###..
...###..
..M...###......
......_......
#@)°°.# #_@§)_#
#.°§)O#
...o.☼§zoD.o.
......###...V..
..###V.
.o.###.° . #..
○..# . #.. ...#
... .....


You could see an accursed, a tyrant, The Servant, an eight-headed meat hydra, 2
destroyers, a sculptor of flesh, a meat berserker (berserk) and 4 bags of meat.

Vanquished Creatures
  9 vampire knights (D)
  15 ogres (D)
  3 two-headed ogres (D)
  20 orcs (D)
  2 skeletal warriors (D)
49 creatures vanquished.

Notes
Turn   | Place    | Note
-------+----------+-------------------------------------------
     0 | D        | Found the +∞ Axe of Woe
     0 | D        | Groucho the Djinni Gladiator began the quest for the Orb.
     0 | D        | Reached XP level 1. HP: 18/18 MP: 0/0
     1 | D        | Noticed a meat berserker
     3 | D        | Noticed a bag of meat
     3 | D        | Noticed a bag of meat
     4 | D        | Became a worshipper of Makhleb the Destroyer
     4 | D        | Noticed a bag of meat
     4 | D        | Noticed a bag of meat
     6 | D        | Killed a meat berserker
     6 | D        | Noticed a meat berserker
     6 | D        | Noticed a bag of meat
     7 | D        | Reached skill level 10 in Fighting
     7 | D        | Reached XP level 2. HP: 35/35 MP: 0/0
     7 | D        | Reached XP level 3. HP: 40/40 MP: 0/0
     7 | D        | Learned a level 1 spell: Sandblast
     7 | D        | Reached XP level 4. HP: 46/46 MP: 0/0
     7 | D        | Reached XP level 5. HP: 51/51 MP: 0/0
     7 | D        | Learned a level 2 spell: Call Imp
     7 | D        | Reached XP level 6. HP: 58/58 MP: 0/0
     7 | D        | Reached XP level 7. HP: 63/63 MP: 0/0
     7 | D        | Learned a level 3 spell: Lesser Beckoning
     7 | D        | Reached XP level 8. HP: 68/68 MP: 0/0
     7 | D        | Reached XP level 9. HP: 74/74 MP: 0/0
     7 | D        | Learned a level 3 spell: Mephitic Cloud
     7 | D        | Reached XP level 10. HP: 80/80 MP: 0/0
     7 | D        | Reached XP level 11. HP: 85/85 MP: 0/0
     7 | D        | Learned a level 4 spell: Summon Lightning Spire
     7 | D        | Reached XP level 12. HP: 91/91 MP: 0/0
     7 | D        | Noticed a meat berserker
     7 | D        | Noticed a meat berserker
     8 | D        | Noticed a meat berserker
     9 | D        | Killed a bag of meat
     9 | D        | Reached * piety under Makhleb
     9 | D        | Killed a bag of meat
     9 | D        | Noticed a bag of meat
     9 | D        | Noticed a bag of meat
    10 | D        | Reached XP level 13. HP: 16/96 MP: 0/0
    10 | D        | Learned a level 5 spell: Alistair's Intoxication
    10 | D        | Killed a bag of meat
    10 | D        | Killed a meat berserker
    10 | D        | Reached ** piety under Makhleb
    10 | D        | Noticed a meat berserker
    11 | D        | Reached skill level 27 in Dodging
    11 | D        | Reached XP level 14. HP: 43/103 MP: 0/0
    11 | D        | Noticed a bag of meat
    11 | D        | Killed a bag of meat
    11 | D        | Killed a bag of meat
    11 | D        | Noticed a meat berserker
    12 | D        | Reached XP level 15. HP: 90/107 MP: 0/0
    12 | D        | Learned a level 6 spell: Simulacrum
    12 | D        | Killed a meat berserker
    12 | D        | Reached *** piety under Makhleb
    13 | D        | Reached skill level 27 in Axes
    13 | D        | Reached skill level 5 in Spellcasting
    13 | D        | Killed a meat berserker
    14 | D        | Reached XP level 16. HP: 134/134 MP: 0/0
    16 | D        | Killed a meat berserker
    16 | D        | Reached **** piety under Makhleb
    16 | D        | Noticed a meat berserker
    17 | D        | Reached XP level 17. HP: 148/148 MP: 0/0
    17 | D        | Learned a level 6 spell: Eringya's Noxious Bog
    17 | D        | Noticed a meat berserker
    18 | D        | Killed a meat berserker
    18 | D        | Reached ***** piety under Makhleb
    18 | D        | Noticed a meat berserker
    18 | D        | Noticed a meat berserker
    19 | D        | Noticed a large bag of meat
    20 | D        | Killed a meat berserker
    20 | D        | Killed a meat berserker
    20 | D        | Noticed a destroyer
    21 | D        | Reached skill level 27 in Fighting
    21 | D        | Reached XP level 18. HP: 167/167 MP: 0/0
    22 | D        | Reached skill level 27 in Armour
    22 | D        | Killed a meat berserker
    22 | D        | Noticed a destroyer
    23 | D        | Reached XP level 19. HP: 174/174 MP: 0/0
    23 | D        | Learned a level 6 spell: Summon Cactus Giant
    23 | D        | Noticed a destroyer
    23 | D        | Killed a destroyer
    23 | D        | Noticed a large bag of meat
    24 | D        | Killed a meat berserker
    24 | D        | Reached ****** piety under Makhleb
    24 | D        | Killed a meat berserker
    24 | D        | Noticed a destroyer
    25 | D        | Reached XP level 20. HP: 181/181 MP: 0/0
    26 | D        | Killed a destroyer
    26 | D        | Noticed a destroyer
    27 | D        | Reached skill level 27 in Spellcasting
    27 | D        | Killed a large bag of meat
    27 | D        | Killed a destroyer
    28 | D        | Reached skill level 27 in Invocations
    28 | D        | Reached skill level 1 in Maces & Flails
    28 | D        | Reached skill level 1 in Polearms
    28 | D        | Reached XP level 21. HP: 174/187 MP: 0/0
    28 | D        | Learned a level 7 spell: Dragon Form
    29 | D        | Reached skill level 5 in Evocations
    30 | D        | Reached skill level 10 in Throwing
    30 | D        | Killed a destroyer
    31 | D        | Reached skill level 10 in Evocations
    32 | D        | Killed a large bag of meat
    32 | D        | Noticed an eight-headed meat hydra
    33 | D        | Reached XP level 22. HP: 179/194 MP: 0/0
    33 | D        | Killed a destroyer
    34 | D        | Reached skill level 15 in Throwing
    35 | D        | Noticed a meat berserker
    36 | D        | Reached skill level 15 in Short Blades
    36 | D        | Noticed a meat berserker
    40 | D        | Reached skill level 15 in Maces & Flails
    40 | D        | Reached skill level 15 in Polearms
    40 | D        | Noticed a destroyer
    40 | D        | Noticed a large bag of meat
    41 | D        | Killed a meat berserker
    42 | D        | Noticed a destroyer
    42 | D        | Noticed The Servant
    43 | D        | Killed a meat berserker
    43 | D        | Noticed a destroyer
    44 | D        | Noticed a meat berserker
    44 | D        | Noticed a destroyer
    44 | D        | Noticed a meat berserker
    45 | D        | Reached XP level 23. HP: 59/201 MP: 0/0
    45 | D        | Learned a level 8 spell: Ignition
    45 | D        | Killed a large bag of meat
    45 | D        | Killed a destroyer
    45 | D        | Killed a destroyer
    46 | D        | Noticed a destroyer
    46 | D        | Killed a destroyer
    48 | D        | Noticed an accursed
    48 | D        | Killed a destroyer
    48 | D        | Noticed a tyrant
    48 | D        | Noticed a destroyer
    49 | D        | Reached XP level 24. HP: 184/208 MP: 0/0
    50 | D        | Annihilated by The Servant

Illustrated notes

Levels and vault maps discovered:
D:        meatsprint

Skill      XL: |  1  2  3  4  5  6  7  8  9 10 11 12 13 14 15 16 17 18 19 20 21 22 23 |
---------------+----------------------------------------------------------------------+-----
Fighting       | 10 18 22 27 | 27.0
Axes           | 16 19 22 25 27 | 27.0
Throwing       | 8 13 18 22 | 22.4
Dodging        | 20 24 27 | 27.0
Spellcasting   | 5 16 26 27 | 27.0
Armour         | 13 26 27 | 27.0
Invocations    | 27 | 27.0
Short Blades   | 2 12 18 22 | 22.9
Maces & Flails | 1 11 16 21 | 21.2
Polearms       | 1 11 16 21 | 21.2
Evocations     | 2 13 19 24 | 24.7

Action                   |  1- 3 |  4- 6 |  7- 9 | 10-12 | 13-15 | 16-18 | 19-21 | 22-24 || total
-------------------------+-------+-------+-------+-------+-------+-------+-------+-------++-------
Melee: Executioner's axe |     1 |       |       |     1 |     4 |     7 |     8 |    12 ||    33
 Cast: Alistair's Intoxi |       |       |       |       |       |       |     1 |       ||     1
